 Dungeon Crawl Stone Soup version 0.30.0-29-ga12c61a403 (webtiles) character file.

Game seed: 14091826329615870529

35 ChadusMaximus the Caller (level 3, -5/24 HPs)
             Began as a Barachi Summoner on June 24, 2023.
             Slain by a worm (11 damage)
             ... on level 2 of the Dungeon.
             The game lasted 00:01:11 (1072 turns).

ChadusMaximus the Caller (Barachi Summoner)         Turns: 1072, Time: 00:01:12

Health: -5/24      AC:  2    Str:  9    XL:     3   Next: 33%
Magic:  5/7        EV: 12    Int: 17    God:
Gold:   73         SH:  0    Dex: 12    Spells: 6/7 levels left

rFire   + . .        g - +0 dagger
rCold   . . .        (no shield)
rNeg    . . .        a - +0 robe
rPois   .            (no helmet)
rElec   .            (no cloak)
rCorr   .            (no gloves)
SInv    .            (no boots)
Will    .....        (no amulet)
Stlth   ++           h - ring of protection from fire
HPRegen 0.24/turn    (no ring)
MPRegen 0.10/turn

%: no passive effects
@: slow
A: amphibious, slowness 1, strong legs 1, +LOS
a: Hop


You were on level 2 of the Dungeon.
You visited 1 branch of the dungeon, and saw 2 of its levels.

You collected 73 gold pieces.

Inventory:

Hand Weapons
 g - a +0 dagger (weapon)
Armour
 a - a +0 robe (worn)
Jewellery
 h - a ring of protection from fire (left hand)
Scrolls
 c - 6 scrolls of identify {unknown}
 j - a scroll of teleportation {unknown}
Potions
 b - a potion of magic
 d - a potion of flight {unknown}
 e - 2 potions of heal wounds {unknown}
 f - 3 potions of curing {unknown}
 i - 2 potions of invisibility {unknown}


   Skills:
 + Level 2.9 Dodging
 - Level 1.7 Stealth
 + Level 2.8 Spellcasting
 + Level 5.3 Summonings


You had 6 spell levels left.
You knew the following spells:

 Your Spells              Type           Power      Damage    Failure   Level
a - Summon Small Mammal   Summ           80%        N/A       1%          1

Your spell library contained the following spells:

 Spells                   Type           Power      Damage    Failure   Level
 Call Imp                 Summ           40%        N/A       3%          2
 Call Canine Familiar     Summ           20%        N/A       6%          3
 Summon Guardian Golem    Hex/Summ       11%        N/A       19%         3
 Summon Lightning Spire   Summ/Air       11%        N/A       52%         4


Dungeon Overview and Level Annotations

Branches:
Dungeon (2/15)

Altars:


Innate Abilities, Weirdness & Mutations

You are amphibious.
You cover ground slowly.
You can hop short distances.
You have an extended range of vision and can be seen from far away.


Message History

You hit the worm.
The worm is lightly wounded.
The worm bites you.
A worm is nearby!
You hit the worm but do no damage.
The worm is lightly wounded.
The worm barely misses you.
A worm is nearby!
You barely miss the worm.
A worm is nearby!
You completely miss the worm. The worm bites you!
You are too injured to fight recklessly!
A worm is nearby!
You are too injured to fight recklessly!
A worm is nearby!
You are too injured to fight recklessly!
A worm is nearby!
Casting: Summon Small Mammal (safe; 1% risk of failure)
Confirm with . or Enter, or press ? or * to list all spells.
Casting: Summon Small Mammal (safe; 1% risk of failure)
Confirm with . or Enter, or press ? or * to list all spells.
Your bat barely misses the worm.
The worm misses you.
You swap places.
Your bat barely misses the worm.
The worm bites your bat.
Your bat dies!
Your bat's corpse disappears in a puff of smoke!
Your rat closely misses the worm.
Your rat bites the worm.
Casting: Summon Small Mammal (safe; 1% risk of failure)
Confirm with . or Enter, or press ? or * to list all spells.
Your rat barely misses the worm.
Your rat barely misses the worm.
You hit the worm but do no damage.
The worm is lightly wounded.
Your rat barely misses the worm.
The worm bites you!
* * * LOW HITPOINT WARNING * * *
Unknown command.
You hit the worm.
The worm is moderately wounded.
Your rat bites the worm.
The worm bites you!
You die...

.#
#..........†.....#
...
#)........###.###
......######.#.#
..... #.....#.#
......##.###...#
...........#####
.......#.#.#..
..>....#...#.#
.......##.@#.###
..........rw...#
......##.#..r#.#
##### #.##..# # #.
..... #########


You could see a worm (ally target) and 2 friendly rats.

Vanquished Creatures
  A dart slug (D:1)
  2 endoplasms (D:1)
  A giant cockroach (D:1)
  3 hobgoblins (D:1)
  A ball python (D:2)
  3 bats (D:1)
  3 frilled lizards (D:1)
  2 rats (D:1)
16 creatures vanquished.

Vanquished Creatures (collateral kills)
  A dart slug (D:1)
  2 bats (D:1)
  A giant cockroach (D:1)
  A goblin (D:1)
  3 hobgoblins (D:1)
  A kobold (D:1)
  A quokka (D:1)
  A ball python (D:1)
  A frilled lizard (D:1)
12 creatures vanquished.

Grand Total: 28 creatures vanquished

Notes
Turn   | Place    | Note
-------+----------+-------------------------------------------
     0 | D:1      | ChadusMaximus the Barachi Summoner began the quest for the
                  | Orb.
     0 | D:1      | Reached XP level 1. HP: 13/13 MP: 3/3
    40 | D:1      | Reached skill level 5 in Summonings
    40 | D:1      | Reached XP level 2. HP: 15/19 MP: 3/5
   140 | D:1      | Found a faded altar of an unknown god.
   533 | D:1      | Reached XP level 3. HP: 24/24 MP: 7/7
  1072 | D:2      | Slain by a worm

Illustrated notes

Levels and vault maps discovered:
D:1:      heliophobic_arrival_henge, layout_basic, basic_ecumenical_altar,
          minmay_pentomino_w4
D:2:      layout_basic, serial_shops, shop, chequers_serial_rivers_room_b,
          uniq_terence, uniq_jessica

Skill      XL: |  1 |
---------------+----+-----
Summonings     | 5 |  5.3
Dodging        | |  2.9
Stealth        | |  1.7
Spellcasting   | |  2.8

Action                     || total
---------------------------++-------
  Melee: Unarmed           ||    52
         Dagger            ||    72
   Cast: Summon Small Mamm ||    17
   Stab: Sleeping          ||     4
         Distracted        ||     1
 Armour: Robe              ||    36
  Dodge: Dodged            ||   110
